 Dungeon Crawl Stone Soup version 0.24-a0-290-gbb66a67 (webtiles) character file.

Game seed: 8265041531704531952

49 mopl the Insei (level 3, -1/29 HPs)
             Began as a Mummy Monk on May 8, 2019.
             Slain by a rat (3 damage)
             ... on level 2 of the Dungeon.
             The game lasted 00:02:59 (2587 turns).

mopl the Insei (Mummy Monk)                         Turns: 2587, Time: 00:03:00

Health: -1/29      AC:  0    Str: 14    XL:     3   Next: 53%
Magic:  3/3        EV: 13    Int:  9    God:
Gold:   43         SH:  0    Dex: 15    Spells: 2/2 levels left

rFire    x . .     SeeInvis .     - Unarmed
rCold    + . .     Gourm    .   (no shield)
rNeg     + + +     Faith    .   (no armour)
rPois    ∞         Spirit   .   (no helmet)
rElec    .         Reflect  .   (no cloak)
rCorr    .         Harm     .   (no gloves)
MR       .....                  (no boots)
Stlth    +++.......             (no amulet)
HPRegen  0.09/turn              d - ring of stealth
MPRegen  0.08/turn              (no ring)

@: no status effects
A: no food or potions, fire vulnerability, cold resistance 1, negative energy
resistance 3, torment resistance, unbreathing
a: no special abilities


You were on level 2 of the Dungeon.
You were not hungry.

You visited 1 branch of the dungeon, and saw 2 of its levels.

You collected 43 gold pieces.

Inventory:

Jewellery
 d - a ring of stealth (left hand)
Scrolls
 a - a scroll of amnesia {unknown}
 b - a scroll of teleportation {unknown}
 c - a scroll of noise {unknown}
 e - a scroll of enchant armour {unknown}
 f - a scroll of magic mapping {unknown}


   Skills:
 - Level 3.0 Fighting
 - Level 2.4 Dodging
 - Level 1.5 Stealth
 + Level 3.8 Unarmed Combat


You had 2 spell levels left.
You didn't know any spells.
Your spell library was empty.

Dungeon Overview and Level Annotations

Branches:
Dungeon (2/15)

Altars:

Annotations:
D:1 1 runed translucent door


Innate Abilities, Weirdness & Mutations

You do not eat or drink.
Your flesh is vulnerable to fire.
You are immune to poison.
Your flesh is cold resistant. (rC+)
You are immune to negative energy. (rN+++)
You are immune to unholy pain and torment.
You can survive without breathing.


Message History

The kobold hits you.
You barely miss the kobold. The kobold hits you.
* * * LOW HITPOINT WARNING * * *
You hit the kobold but do no damage. The kobold closely misses you.
You hit the kobold but do no damage. The kobold closely misses you.
You hit the kobold.
The kobold is severely wounded.
The rat misses you. The kobold hits you.
* * * LOW HITPOINT WARNING * * *
You punch the kobold!
You kill the kobold!
The rat closely misses you.
You hit the rat.
The rat is severely wounded.
The rat bites you.
* * * LOW HITPOINT WARNING * * *
You barely miss the rat.
The rat is severely wounded.
The rat bites you.
You die...

...........$.....
............!.#
............###
............##
.......>.....##.#
...##...........# ##
#...###.#..###
##..##)..##..# #...#@r###
#..# ##.....## #.#
###....#### ...
#........... ...
#....#...... #r....§
#.#..#....... # ....#§
#..............#.........
##.#...............##.....
#..##.#............##.....


You could see a rat.

Vanquished Creatures
  An adder (D:1)
  An ooze (D:1)
  2 dart slugs (D:1)
  7 bats
  2 goblins
  3 hobgoblins
  7 jackals
  3 kobolds
  4 frilled lizards
  2 rats
32 creatures vanquished.

Notes
Turn   | Place    | Note
-------+----------+-------------------------------------------
     0 | D:1      | mopl the Mummy Monk began the quest for the Orb.
     0 | D:1      | Reached XP level 1. HP: 18/18 MP: 1/1
     8 | D:1      | Found a runed translucent door.
     8 | D:1      | Noticed a jelly
   439 | D:1      | You fall through a shaft!
   483 | D:1      | Reached XP level 2. HP: 5/24 MP: 2/2
   781 | D:1      | Reached skill level 3 in Unarmed Combat
  1781 | D:1      | Reached XP level 3. HP: 27/29 MP: 3/3
  1983 | D:1      | HP: 1/29 [adder (4)]
  2587 | D:2      | Slain by a rat

Levels and vault maps discovered:
D:1:      dpeg_arrival_caged_fury, layout_basic
D:2:      layout_rooms, serial_undead, serial_undead_e, serial_undead_a,
          serial_undead_b, serial_undead_f, uniq_sigmund

Skill      XL: |  1  2 |
---------------+-------+-----
Unarmed Combat | 3 |  3.8
Fighting       | |  3.0
Dodging        | |  2.4
Stealth        | |  1.5

Action                   || total
-------------------------++-------
Melee: Unarmed           ||   131
       Punch             ||     1
 Stab: Sleeping          ||     3
Dodge: Dodged            ||   111

Table legend:
 A = Non-vault XP
 B = Vault XP
 C = Vault XP percentage of total XP
 D = Non-vault monster count
 E = Vault monster count
 F = Vault count percentage of total count
                 A         B        C        D         E       F
            +---------+---------+-------+---------+---------+-------
      Total |      71 |       0 |   0.0 |      32 |       0 |   0.0
            +---------+---------+-------+---------+---------+-------
        D:1 |      58 |       0 |   0.0 |      23 |       0 |   0.0
        D:2 |      13 |       0 |   0.0 |       9 |       0 |   0.0
            +---------+---------+-------+---------+---------+-------
